 Dungeon Crawl Stone Soup version 0.27-a0-1358-ga0a28fc8c3 (webtiles) character file.

Game seed: 15254037399304089585

512 Delamore the Covert (level 7, -2/48 HPs)
             Began as an Octopode Brigand on June 28, 2021.
             Slain by an ogre (14 damage)
             ... on level 4 of the Dungeon.
             The game lasted 00:05:07 (4868 turns).

Delamore the Covert (Octopode Brigand)              Turns: 4868, Time: 00:05:07

Health: -2/48      AC:  1    Str: 16    XL:     7   Next: 19%
Magic:  7/7        EV: 12    Int: 14    God:
Gold:   150        SH:  0    Dex: 15    Spells: 6/6 levels left

rFire    . . .     SeeInvis .   a - +3 dagger
rCold    . . .     Faith    .   (no shield)
rNeg     . . .     Spirit   .   (helmet restricted)
rPois    .         Reflect  .   (no amulet)
rElec    .         Harm     .   h - +6 ring of strength
rCorr    .         Rampage  .   j - ring of flight
Will     .....                  (no ring)
Stlth    +++++.....             (no ring)
HPRegen  0.16/turn              (no ring)
MPRegen  0.10/turn              (no ring)
                                (no ring)
                                (no ring)

@: flying
A: almost no armour, amphibious, 8 rings, camouflage 1, gelatinous body 1,
(nimble swimmer 1), tentacles, mutation resistance 1
a: no special abilities


You were on level 4 of the Dungeon.
You visited 1 branch of the dungeon, and saw 4 of its levels.

You collected 150 gold pieces.

Inventory:

Hand Weapons
 a - a +3 dagger (weapon)
Missiles
 b - 20 poisoned darts
 c - a curare-tipped dart (quivered)
Jewellery
 d - an amulet of magic regeneration
 h - a +6 ring of strength (left tentacle)
 j - a ring of flight (right tentacle)
Scrolls
 e - 2 scrolls of vulnerability
 g - a scroll of identify
 i - a scroll of fog
 l - a scroll of magic mapping
Potions
 f - a potion of curing {unknown}
 k - a potion of haste


   Skills:
 + Level 4.1 Fighting
 + Level 4.1 Short Blades
 + Level 2.0 Throwing
 - Level 1.0 Dodging
 * Level 9.2 Stealth


You had 6 spell levels left.
You didn't know any spells.
Your spell library contained the following spells:

 Spells                   Type           Power      Damage    Failure   Level
 Magic Dart               Conj           0%         1d3       28%         1
 Blink                    Tloc           N/A        N/A       41%         2
 Call Imp                 Summ           0%         N/A       41%         2
 Slow                     Hex            0%         N/A       41%         2
 Conjure Flame            Conj/Fire      0%         6-21      65%         3
 Mephitic Cloud           Conj/Pois/Air  0%         N/A       65%         3


Dungeon Overview and Level Annotations

Branches:
Dungeon (4/15)
 Temple: D:4-7

Altars:


Innate Abilities, Weirdness & Mutations

You cannot wear most types of armour.
You are amphibious.
You can wear up to eight rings at the same time.
Your skin changes colour to match your surroundings (Stealth+).
Your rubbery body absorbs attacks. (AC +1, EV +1)
((You are camouflaged near water. (Stealth+)))
You have tentacles for arms and can constrict up to eight enemies at once.
You are somewhat resistant to further mutation.


Message History

No target in view!
No target in view!
You feel sick.
You feel sick.
You feel sick.
You are no longer poisoned.
Found a stone staircase leading down.
You now have 150 gold pieces (gained 4).
A worm comes into view.
The worm moves out of view.
No target in view!
f - a smoky golden potion An ogre comes into view.
It is wielding a +0 giant club.
There are monsters nearby!
The ogre shouts!
You hit the ogre.
The ogre is lightly wounded.
The ogre barely misses you.
You hit the ogre.
The ogre is moderately wounded.
You hit the ogre. Your squeeze misses the ogre.
The ogre is moderately wounded.
The ogre hits you with a +0 giant club!
You hit the ogre. Your squeeze misses the ogre.
The ogre is heavily wounded.
The ogre closely misses you.
You hit the ogre.
The ogre is severely wounded.
You hit the ogre. You squeeze the ogre.
The ogre is almost dead.
The ogre hits you with a +0 giant club!!
The worm bites you!
* * * LOW HITPOINT WARNING * * *
Throw: 2 darts (curare)
Press: ? - help, Q - select action, (/) - cycle Shift-Dir - straight line, f - ogre
Aim: an ogre, wielding a +0 giant club (almost dead, 76% to hit)
You throw a curare-tipped dart.
The curare-tipped dart completely misses the ogre.
The ogre hits you with a +0 giant club!
You die...

#.# #.###.........#. #.#
#........####.#. #.# #####.#..#
#.#. #.# #.....#..# #.#. #.#
#.##..#..# #.#. #.# #.#....(.#
#.#. #.# #..w..#.#####.#.
#.#################w###.........
#..............@O...# #######.##
##################### #... ####


You could see an ogre and a worm.

Vanquished Creatures
  Grinder (D:4)
  A hound (D:2)
  A jelly (D:2)
  2 orc priests (D:3)
  An orc wizard (D:3)
  A hound skeleton (D:3)
  Robin (D:3)
  7 adders
  3 dart slugs
  4 orcs
  3 bats
  4 endoplasms
  3 giant cockroaches
  19 goblins
  6 hobgoblins
  4 jackals (D:3)
  4 quokkas
  12 ball pythons
  2 frilled lizards
  6 kobolds
  6 rats
91 creatures vanquished.

Notes
Turn   | Place    | Note
-------+----------+-------------------------------------------
     0 | D:1      | Delamore the Octopode Brigand began the quest for the Orb.
     0 | D:1      | Reached XP level 1. HP: 14/14 MP: 1/1
   318 | D:1      | Reached XP level 2. HP: 18/19 MP: 2/2
   926 | D:2      | Reached skill level 6 in Stealth
   960 | D:2      | Reached XP level 3. HP: 22/25 MP: 3/3
  1055 | D:2      | Reached XP level 4. HP: 28/30 MP: 4/4
  1771 | D:2      | Reached skill level 7 in Stealth
  2043 | D:3      | Reached XP level 5. HP: 31/36 MP: 5/5
  2476 | D:3      | Found a faded altar of an unknown god.
  3059 | D:2      | Reached XP level 6. HP: 13/42 MP: 6/6
  3295 | D:3      | Reached skill level 8 in Stealth
  3366 | D:3      | Noticed Robin
  3572 | D:3      | Killed Robin
  4187 | D:3      | Gained mutation: You are somewhat resistant to further
                  | mutation. [potion of mutation]
  4263 | D:4      | Noticed Grinder
  4267 | D:4      | Paralysed by Grinder for 3 turns
  4285 | D:4      | Killed Grinder
  4286 | D:4      | Reached skill level 9 in Stealth
  4286 | D:4      | Reached XP level 7. HP: 13/48 MP: 7/7
  4868 | D:4      | Slain by an ogre

Illustrated notes

Levels and vault maps discovered:
D:1:      dpeg_arrival_arbitrary_c, layout_loops_corners,
          chequers_serial_rivers_micro_c
D:2:      layout_basic
D:3:      layout_basic, basic_ecumenical_altar, chequers_hall_statues_wall_a,
          uniq_robin
D:4:      layout_basic, uniq_grinder

Skill      XL: |  1  2  3  4  5  6 |
---------------+-------------------+-----
Stealth        | 6 7 9 |  9.2
Fighting       | 3 4 |  4.1
Short Blades   | 3 4 |  4.1
Throwing       | |  2.0
Dodging        | |  1.0

Action                   |  1- 3 |  4- 6 |  7- 9 || total
-------------------------+-------+-------+-------++-------
Melee: Dagger            |    30 |   144 |    10 ||   184
       Constrict         |     8 |    34 |     1 ||    43
       Tentacles         |     5 |    24 |     1 ||    30
Throw: Dart              |       |     3 |     1 ||     4
  Use: Scroll            |       |     9 |       ||     9
       Potion            |       |     3 |       ||     3
 Stab: Sleeping          |    11 |    12 |     2 ||    25
Armor: Skin              |     1 |     9 |       ||    10
Dodge: Dodged            |     9 |    69 |     2 ||    80

Table legend: (Time is in decaauts)
 A = Elapsed time spent in this place.
 B = Non-inter-level travel time spent in this place.
 C = Inter-level travel time spent in this place.
 D = Time resting spent in this place.
 E = Time spent auto-exploring this place.
 F = Levels seen in this place.
 G = Mean time per level.
                   A        B        C        D        E       F      G
               +--------+--------+--------+--------+--------+-----+--------+
         Total |   4842 |   4764 |     78 |   1405 |   2642 |   4 | 1210.5 |
       Dungeon |   4842 |   4764 |     78 |   1405 |   2642 |   4 | 1210.5 |
               +--------+--------+--------+--------+--------+-----+--------+

Top non-repeatable levels by time:
     D:2: 1785 daAuts
     D:3: 1274 daAuts
     D:1: 1123 daAuts
     D:4: 658 daAuts
